 Dungeon Crawl Stone Soup version 0.20.1-1-g8b1a95d (webtiles) character file.

180 Ymberti the Firebug (level 5, -1/28 HPs)
             Began as a Deep Elf Fire Elementalist on Sept 26, 2017.
             Succumbed to kobold's curare-tipped needle
             ... on level 3 of the Dungeon.
             The game lasted 00:09:20 (2467 turns).

Ymberti the Firebug (Deep Elf Fire Elementalist)    Turns: 2467, Time: 00:09:21

Health: -1/28      AC:  6    Str:  5    XL:     5   Next: 33%
Magic:  11/13      EV: 13    Int: 21    God:
Gold:   180        SH:  4    Dex: 15    Spells: 7/13 levels left

rFire    + . .     SeeInvis .   p - +1 dagger (venom)
rCold    . . .     Gourm    .   (no shield)
rNeg     . . .     Faith    .   a - +1 robe
rPois    .         Spirit   .   (no helmet)
rElec    .         Reflect  .   (no cloak)
rCorr    .         Harm     .   (no gloves)
MR       .....                  g - +0 pair of boots
Stlth    +++.......             (no amulet)
Regen    0.1/turn               j - ring of protection from fire
MPRegen  0.2/turn               (no ring)

@: lethally poisoned (-1 -> -20)
A: large bone plates 1, molten scales 1, camouflage 1
a: no special abilities


You were on level 3 of the Dungeon.
You were not hungry.

You visited 1 branch of the dungeon, and saw 3 of its levels.

You collected 180 gold pieces.

Inventory:

Hand Weapons
 p - a +1 dagger of venom (weapon)
Armour
 a - a +1 robe (worn)
 g - a +0 pair of boots (worn)
Jewellery
 j - a ring of protection from fire (left hand)
Scrolls
 h - a scroll of amnesia {unknown}
 q - a scroll of identify
Potions
 f - a potion of haste {unknown}
 i - a potion of ambrosia {unknown}
 k - 2 potions of curing {unknown}
 m - a potion of magic
 o - a potion of degeneration {unknown}
 r - a potion of brilliance {unknown}
Books
 b - a book of Flames

   Spells                             Type                      Level
   a - Flame Tongue                   Conjuration/Fire             1
   b - Throw Flame                    Conjuration/Fire             2
   c - Conjure Flame                  Conjuration/Fire             3
   d - Inner Flame                    Hexes/Fire                   3
   e - Sticky Flame                   Conjuration/Fire             4
   f - Fireball                       Conjuration/Fire             5
 n - a book of Changes

   Spells                             Type                      Level
   a - Beastly Appendage              Transmutation                1
   b - Sticks to Snakes               Transmutation                2
   c - Spider Form                    Transmutation/Poison         3
   d - Ice Form                       Ice/Transmutation            4
   e - Blade Hands                    Transmutation                5
Comestibles
 c - 5 bread rations
 l - a meat ration
 s - a fruit


   Skills:
 + Level 0.6 Short Blades
 + Level 3.2 Dodging
 + Level 3.4 Stealth
 + Level 0.1 Unarmed Combat
 + Level 4.5 Spellcasting
 + Level 2.5 Conjurations
 + Level 4.5 Fire Magic


You had 7 spell levels left.
You knew the following spells:

 Your Spells              Type           Power        Failure   Level  Hunger
a - Flame Tongue          Conj/Fire      ###..        2%          1    None
b - Throw Flame           Conj/Fire      ###...       4%          2    #......
c - Conjure Flame         Conj/Fire      ###.....     8%          3    ##.....


Dungeon Overview and Level Annotations

Branches:
Dungeon (3/15)

Altars:
Cheibriados
Qazlal


Innate Abilities, Weirdness & Mutations

You are partially covered in large bone plates. (SH +4)
You are partially covered in molten scales. (AC +2)
Your skin changes colour to match your surroundings (Stealth+).


Message History

Aiming: Flame Tongue
Press: ? - help, Shift-Dir - straight line, f/p - kobold
Aim: a kobold, wielding a blowgun (moderately wounded)
The flame tongue hits the kobold.
You kill the kobold!
* * * LOW HITPOINT WARNING * * *
You feel sick. You block something's attack.
Something hits you but does no damage.
It was a potion of flight.
You feel very buoyant.
You fly up into the air.
* * * LOW HITPOINT WARNING * * *
You feel very sick. Something hits you but does no damage.
It was a potion of cancellation.
Your magical effects are unravelling.
You feel magically purged.
You feel yourself speed up.
You float gracefully downwards.
You die...

#...........# #.#
#...........# #.#
#...........# #.#
#...........# #.#
#...........# #.##
#...†.......# #..#
............# ##.#
.†..........# #(##
.(..........# #@.#
.#+##...##### ##{#
....###.####..(..).#
...##≈#'#≈##.....#.#
...##_..._##...!. ..
....########..Y..
#?. .....# #.....
..# .....# ######
..# .....# .>#


There were no monsters in sight!

Vanquished Creatures
  A jelly (D:2)
  6 adders
  2 worms
  2 dart slugs
  4 leopard geckos
  2 orcs (D:3)
  A ball python (D:3)
  10 bats
  13 giant cockroaches
  4 goblins
  9 hobgoblins
  3 jackals (D:2)
  8 kobolds
  2 quokkas
  6 frilled lizards
  7 rats
80 creatures vanquished.

Notes
Turn   | Place    | Note
-------+----------+-------------------------------------------
     0 | D:1      | Ymberti the Deep Elf Fire Elementalist began the quest for the Orb.
     0 | D:1      | Reached XP level 1. HP: 10/10 MP: 6/6
   150 | D:1      | Reached XP level 2. HP: 15/15 MP: 1/8
   871 | D:2      | Reached XP level 3. HP: 19/19 MP: 5/9
  1145 | D:2      | Learned a level 2 spell: Throw Flame
  1149 | D:2      | Learned a level 3 spell: Conjure Flame
  1182 | D:2      | Reached XP level 4. HP: 23/24 MP: 5/11
  1765 | D:2      | Reached XP level 5. HP: 28/28 MP: 8/13
  2087 | D:3      | Gained mutation: You are dopey. (Int -2) [potion of mutation]
  2087 | D:3      | Gained mutation: Your skin changes colour to match your surroundings (Stealth+). [potion of mutation]
  2265 | D:3      | Found a stormy altar of Qazlal.
  2265 | D:3      | Found a snail-covered altar of Cheibriados.
  2439 | D:3      | Lost mutation: You are dopey. (Int -2) [potion of mutation]
  2439 | D:3      | Gained mutation: You are partially covered in molten scales. (AC +2) [potion of mutation]
  2439 | D:3      | Gained mutation: You are partially covered in large bone plates. (SH +4) [potion of mutation]
  2461 | D:3      | Noticed a sky beast
  2466 | D:3      | HP: 1/28 [poisoned by kobold (curare-tipped needle)]
  2467 | D:3      | Succumbed to kobold's curare-tipped needle

Skill      XL: |  1  2  3  4 |
---------------+-------------+-----
Fire Magic     | 4 |  4.5
Stealth        | 3 |  3.4
Conjurations   | 2 |  2.5
Spellcasting   | 4 |  4.5
Dodging        | 3 |  3.2
Short Blades   | |  0.6
Unarmed Combat | |  0.1

Action                   |  1- 3 |  4- 6 || total
-------------------------+-------+-------++-------
Melee: Unarmed           |    13 |       ||    13
       Dagger            |    24 |    76 ||   100
 Cast: Flame Tongue      |    68 |    61 ||   129
       Throw Flame       |       |    10 ||    10
  Use: Scroll            |     4 |     3 ||     7
       Potion            |       |     5 ||     5
 Stab: Sleeping          |     3 |     6 ||     9
  Eat: Fruit             |     3 |       ||     3
       Royal jelly       |     1 |       ||     1
Armor: Robe              |    16 |    59 ||    75
Dodge: Dodged            |    38 |   100 ||   138
Block: Other             |       |     1 ||     1
